 Dungeon Crawl Stone Soup version 0.30-a0-1094-g860fb061e7 (webtiles) character file.

Game seed: 11241442445469224027

4175 Pimp the Trooper (level 10, -5/86 HPs)
             Began as a Purple Draconian Fighter on Apr 17, 2023.
             Was an Initiate of Ashenzari.
             Slain by a two-headed ogre
             ... wielding a +0 giant club
              (23 damage)
             ... on level 7 of the Dungeon.
             The game lasted 00:17:21 (5639 turns).

Pimp the Trooper (Purple Draconian Fighter)         Turns: 5639, Time: 00:17:22

Health: -5/86      AC: 14    Str: 20    XL:     10   Next: 8%
Magic:  17/19      EV: 18    Int: 12    God:    Ashenzari [......]
Gold:   565        SH:  5    Dex: 10    Spells: 18/21 levels left

rFire   + . .      SeeInvis .    a - +2 war axe
rCold   . . .      Faith    .    b - +0 buckler
rNeg    . . .      Spirit   .    (body armour unavailable)
rPois   .          Reflect  .    (helmet restricted)
rElec   .          Rampage  .    k - +1 cloak
rCorr   .                        (no gloves)
Will    +....                    m - +0 pair of boots
Stlth   +                        n - amulet of magic regeneration
HPRegen 0.34/turn                f - +4 ring of protection
MPRegen 0.56/turn                j - ring of the Chained Liberalism {EV+5, Alch, Elem} (curse)

@: flying
A: breathe power, AC +7, unfitting armour, cold-blooded, big wings, stinger 1,
fire resistance 1
a: Breathe Dispelling Energy, Renounce Religion, Curse Item, Shatter the Chains


You were on level 7 of the Dungeon.
You worshipped Ashenzari.
Ashenzari was noncommittal.
You visited 2 branches of the dungeon, and saw 8 of its levels.

You collected 565 gold pieces.

Inventory:

Hand Weapons
 a - a +2 war axe (weapon)
Armour
 b - a +0 buckler (worn)
 k - a +1 cloak (worn)
 m - a +0 pair of boots (worn)
Jewellery
 c - a +5 ring of evasion
 f - a +4 ring of protection (left hand)
 g - a ring of fire
 j - the cursed ring of the Chained Liberalism (right hand) {EV+5, Alch, Elem}
   (You found it on level 1 of the Dungeon)

   [ring of evasion]

   EV:        It affects your evasion (+5).
   It has a curse which improves the following skills: Alchemy: Poison Magic and
   Transmutations.
   Elements:  Fire Magic, Ice Magic, Air Magic and Earth Magic.
 n - an amulet of magic regeneration (around neck)
 p - a ring of see invisible
 v - a ring of positive energy
Scrolls
 d - 6 scrolls of teleportation
 i - a scroll of fear
 q - 3 scrolls of amnesia
 w - a scroll of enchant weapon
Potions
 e - a potion of brilliance
 l - 2 potions of heal wounds
 o - a potion of curing
 r - 3 potions of flight
 s - a potion of haste {unknown}
 t - a potion of invisibility
 u - 2 potions of mutation


   Skills:
 + Level 7.5 Fighting
 + Level 6.5 Axes
 + Level 6.3 Dodging
 + Level 7.0 Shields
 + Level 6.2 Spellcasting
 + Level 5.2 Hexes


You had 18 spell levels left.
You knew the following spells:

 Your Spells              Type           Power      Damage    Failure   Level
a - Tukima's Dance        Hex            16%        N/A       8%          3

Your spell library contained the following spells:

 Spells                   Type           Power      Damage    Failure   Level
 Portal Projectile        Hex/Tloc       18%        N/A       24%         3
 Poisonous Vapours        Pois/Air       6%         N/A       32%         2
 Spider Form              Tmut/Pois      3%         N/A       54%         3
 Summon Ice Beast         Ice/Summ       3%         N/A       92%         4
 Blade Hands              Tmut           1%         N/A       99%         5
 Eringya's Noxious Bog    Tmut/Pois      1%         N/A       100%        6


Dungeon Overview and Level Annotations

Branches:
Dungeon (7/15)             Temple (1/1) D:4

Altars:
Ashenzari
Cheibriados
Dithmenos
Elyvilon
Fedhas
Gozag
Hepliaklqana
Kikubaaqudgha
Makhleb
Nemelex Xobeh
Okawaru
Qazlal
Ru
Sif Muna
Trog
Uskayaw
Vehumet
Wu Jian
Xom
Yredelemnul
The Shining One


Innate Abilities, Weirdness & Mutations

You can breathe bolts of dispelling energy.
Your rich purple scales are hard. (AC +7)
You cannot fit into any form of body armour.
You are cold-blooded and may be slowed by cold attacks.
Your large and strong wings let you fly.
Your tail ends in a venomous barb.
Your flesh is heat resistant. (rF+)


Message History

Press: ? - help, Shift-Dir - straight line, f/p - two-headed ogre
Aim: a two-headed ogre, wielding a +0 giant club and a +0 giant spiked club (lightly wounded, chance to affect: 32%)
The two-headed ogre easily resists.
The two-headed ogre misses you. The two-headed ogre closely misses you.
You slash the two-headed ogre!
Your tail-slap misses the two-headed ogre.
The two-headed ogre is moderately wounded.
The two-headed ogre hits you with a +0 giant club!
The two-headed ogre hits you but does no damage.
You barely miss the two-headed ogre.
The two-headed ogre is moderately wounded.
You barely miss the two-headed ogre.
The two-headed ogre is moderately wounded.
The two-headed ogre barely misses you. The two-headed ogre misses you.
You slash the two-headed ogre!
The two-headed ogre is heavily wounded.
The two-headed ogre closely misses you.
The two-headed ogre completely misses you.
You slash the two-headed ogre!
The two-headed ogre is severely wounded.
The two-headed ogre closely misses you. x2
You hit the two-headed ogre.
You tail-slap the two-headed ogre, but do no damage.
The two-headed ogre is almost dead.
You block the two-headed ogre's attack. The two-headed ogre barely misses you.
Your magical contamination has completely faded away.
You hit the two-headed ogre.
The two-headed ogre is almost dead.
The two-headed ogre misses you. The two-headed ogre barely misses you.
You barely miss the two-headed ogre.
The two-headed ogre is almost dead.
You hit the two-headed ogre. You tail-slap the two-headed ogre.
The two-headed ogre is almost dead.
The two-headed ogre hits you with a +0 giant club!!
* * * LOW HITPOINT WARNING * * *
The two-headed ogre closely misses you.
You hit the two-headed ogre.
The two-headed ogre is almost dead.
The two-headed ogre hits you with a +0 giant club!!
You die...

#....##.#....#
##.........###
##>.......... #§§§#
........... #§§§#
##........$.
##§#####.......# #
#.............# #
#.O.##.†.....# #
##@..........# #
#.......###.# #
#.......## #.######
#.......## #.......
#...###.# #.......
#..## #.#####.......
#.. #.............
#..####..(.........#
#.................##


You could see a two-headed ogre.

Vanquished Creatures
  The ghost of SkeletonJelly the Carver, a novice OpCK of Xom (D:7)
  Joseph (D:7)
  A wyvern (D:6)
  2 steam dragons
  A water moccasin (D:6)
  A sky beast (D:6)
  An orc warrior (D:6)
  An ice beast (D:6)
  3 black bears
  2 ogres
  A centaur (D:5)
  A phantom (D:4)
  A kobold brigand (D:6)
  3 bullfrogs
  2 scorpions
  10 wights
  2 howler monkeys (D:5)
  3 jellies
  Crazy Yiuf (D:3)
  5 orc priests
  3 hounds
  A gnoll bouda (D:7)
  3 iguanas
  2 sleepcaps
  Jessica (D:2)
  7 orc wizards
  Robin (D:2)
  3 gnolls (D:7)
  9 adders
  2 shadow imps
  A white imp (D:7)
  3 worms
  4 dart slugs
  36 orcs
  7 ball pythons
  6 endoplasms
  2 giant cockroaches
  10 goblins
  10 hobgoblins
  7 jackals
  7 quokkas
  3 bats
  4 frilled lizards (D:3)
  9 kobolds
  10 rats
194 creatures vanquished.

Vanquished Creatures (others)
  A bush (D:5)
  7 plants (D:2)
8 creatures vanquished.

Grand Total: 202 creatures vanquished

Notes
Turn   | Place    | Note
-------+----------+-------------------------------------------
     0 | D:1      | Pimp the Draconian Fighter began the quest for the Orb.
     0 | D:1      | Reached XP level 1. HP: 19/19 MP: 1/1
   237 | D:1      | Reached XP level 2. HP: 26/26 MP: 2/2
   636 | D:2      | Noticed Robin
   648 | D:2      | Killed Robin
   649 | D:2      | Reached XP level 3. HP: 23/33 MP: 3/3
   653 | D:2      | Noticed Jessica
   669 | D:2      | Killed Jessica
   670 | D:2      | Reached XP level 4. HP: 33/40 MP: 4/4
  1163 | D:2      | Reached XP level 5. HP: 38/46 MP: 5/5
  1869 | D:3      | Found a runed translucent door.
  1870 | D:3      | Noticed Crazy Yiuf
  2331 | D:3      | Killed Crazy Yiuf
  2451 | D:4      | Noticed a black bear
  2461 | D:4      | Reached skill level 1 in Spellcasting
  2461 | D:4      | Reached XP level 6. HP: 48/53 MP: 7/7
  2514 | D:4      | Found an ancient bone altar of Kikubaaqudgha.
  2514 | D:4      | Found a sparkling altar of Nemelex Xobeh.
  2584 | D:4      | Reached skill level 5 in Fighting
  2584 | D:4      | Your scales start taking on a rich purple colour.
  2584 | D:4      | Reached XP level 7. HP: 61/61 MP: 10/10
  2599 | D:4      | Got the Vademecum on Frostbound Contaminants
  2880 | D:4      | Found a staircase to the Ecumenical Temple.
  2917 | Temple   | Entered the Ecumenical Temple
  2931 | Temple   | Became a worshipper of Ashenzari the Shackled
  3030 | D:4      | Learned a level 3 spell: Tukima's Dance
  3129 | D:5      | Entered Level 5 of the Dungeon
  3280 | D:5      | Identified the +6 scale mail of the Wonderful God {-Cast
                  | Will+ SInv}
  3286 | D:5      | Reached skill level 5 in Shields
  3322 | D:5      | Reached skill level 1 in Hexes
  3520 | D:5      | Reached XP level 8. HP: 69/69 MP: 13/13
  3712 | D:5      | Gained mutation: You are robust. (+10% HP) [potion of
                  | mutation]
  3712 | D:5      | Gained mutation: You are vulnerable to heat. (rF-) [potion
                  | of mutation]
  3819 | D:5      | Lost mutation: You are robust. (+10% HP) [potion of
                  | mutation]
  3819 | D:5      | Lost mutation: You are vulnerable to heat. (rF-) [potion of
                  | mutation]
  3819 | D:5      | Gained mutation: Your large and strong wings let you fly.
                  | [potion of mutation]
  3819 | D:5      | Gained mutation: Your tail ends in a venomous barb. [potion
                  | of mutation]
  3819 | D:5      | Gained mutation: Your flesh is heat resistant. (rF+)
                  | [potion of mutation]
  4074 | D:6      | Reached skill level 5 in Axes
  4074 | D:6      | Reached skill level 5 in Dodging
  4270 | D:6      | Found a snail-covered altar of Cheibriados.
  4271 | D:6      | Found an iron altar of Okawaru.
  4271 | D:6      | Found an ornate altar of the Wu Jian Council.
  4282 | D:6      | Found a hide-covered altar of Uskayaw.
  4309 | D:6      | Reached XP level 9. HP: 69/77 MP: 16/16
  4561 | D:6      | Reached skill level 5 in Spellcasting
  4963 | D:7      | Noticed Joseph
  4991 | D:7      | Killed Joseph
  5086 | D:7      | Identified the +4 morningstar "Puahoaku" {spect, rElec}
  5349 | D:7      | Identified the +1 pair of boots "Epsamuco" {rPois}
  5581 | D:7      | Found a runed translucent door.
  5582 | D:7      | Noticed a two-headed ogre
  5591 | D:7      | Noticed SkeletonJelly's ghost (novice OpCK)
  5621 | D:7      | Killed SkeletonJelly's ghost
  5622 | D:7      | Reached skill level 5 in Hexes
  5622 | D:7      | Reached XP level 10. HP: 52/86 MP: 19/19
  5639 | D:7      | Slain by a two-headed ogre

Illustrated notes

Levels and vault maps discovered:
D:1:      amcnicky_arrival_gap_in_the_tavern_cellar, layout_loops_ring
D:2:      layout_rooms, skrybe_limestone_x, serial_bayou_pond_a, uniq_robin,
          uniq_jessica
D:3:      layout_basic, kennysheep_generic_room_15, uniq_crazy_yiuf_cottage
D:4:      layout_rooms, jmf_multi_god_temple,
          minmay_temple_entry_gardened_gates, st_stairs_13, minmay_checkerbox
D:5:      layout_loops_ring, kb_lookout_dungeons_type, abandoned_shop
D:6:      layout_basic, grunt_temple_overflow_open
D:7:      nicolae_cairo_tiling, layout_basic, ebering_ghost_inner_flame,
          hangedman_decor_growths, uniq_joseph
Temple:   hellmonk_temple_two_chambers

Skill      XL: |  1  2  3  4  5  6  7  8  9 |
---------------+----------------------------+-----
Dodging        | 3 4 5 6 |  6.3
Fighting       | 4 5 6 7 |  7.5
Axes           | 3 4 5 6 |  6.5
Shields        | 4 5 6 7 |  7.0
Spellcasting   | 1 2 3 4 6 |  6.2
Hexes          | 1 3 5 |  5.2

Action                     |  1- 3 |  4- 6 |  7- 9 | 10-12 || total
---------------------------+-------+-------+-------+-------++-------
  Melee: War axe           |    56 |   234 |   438 |    12 ||   740
         Tailslap          |     6 |    32 |    64 |     2 ||   104
   Cast: Tukima's Dance    |       |       |       |     3 ||     3
 Invoke: Curse Item        |       |       |     1 |       ||     1
Ability: Breathe Dispellin |       |       |     2 |       ||     2
  Evoke: Wand              |       |       |     7 |       ||     7
    Use: Potion            |     2 |     6 |     2 |       ||    10
         Scroll            |       |       |    11 |       ||    11
   Stab: Sleeping          |       |     1 |       |       ||     1
 Armour: Skin              |    26 |    77 |   183 |     1 ||   287
  Dodge: Dodged            |    66 |   209 |   440 |    15 ||   730
  Block: Buckler           |    20 |    50 |   128 |     3 ||   201

Table legend: (Time is in decaauts)
 A = Elapsed time spent in this place.
 B = Non-inter-level travel time spent in this place.
 C = Inter-level travel time spent in this place.
 D = Time resting spent in this place.
 E = Time spent auto-exploring this place.
 F = Levels seen in this place.
 G = Mean time per level.
                   A        B        C        D        E       F      G
               +--------+--------+--------+--------+--------+-----+--------+
         Total |   5880 |   5640 |    240 |    544 |   3367 |   8 |  735.0 |
       Dungeon |   5859 |   5619 |    240 |    544 |   3367 |   7 |  837.0 |
        Temple |     20 |     20 |      0 |      0 |      0 |   1 |   20.0 |
               +--------+--------+--------+--------+--------+-----+--------+

Top non-repeatable levels by time:
     D:3: 1176 daAuts
     D:6: 1000 daAuts
     D:4: 817 daAuts
     D:5: 777 daAuts
     D:2: 749 daAuts
     D:7: 729 daAuts
     D:1: 609 daAuts
  Temple: 20 daAuts
